 Dungeon Crawl Stone Soup version 0.21.1-1-g345015f (webtiles) character file.

505 niels the Cutter (level 7, 0/51 (55) HPs)
             Began as a Ghoul Gladiator on June 29, 2018.
             Was an Initiate of Gozag.
             Slain by a phantom (6 damage)
             ... on level 5 of the Dungeon.
             The game lasted 00:27:05 (4270 turns).

niels the Cutter (Ghoul Gladiator)                  Turns: 4270, Time: 00:27:06

HP:   0/51 (55)     AC:  7    Str: 18    XL:     7   Next: 18%
MP:   6/6           EV:  5    Int:  5    God:    Gozag
Gold: 375           SH: 12    Dex: 10    Spells: 6/6 levels left

rFire    . . .     SeeInvis .   a - +0 rapier
rCold    + . .     Gourm    .   q - +0 large shield
rNeg     + + +     Faith    .   w - +0 scale mail
rPois    ∞         Spirit   .   c - +0 helmet
rElec    .         Reflect  .   (no cloak)
rCorr    .         Harm     .   (no gloves)
MR       .....                  (no boots)
Stlth    ..........             (no amulet)
HPRegen  0.00/turn              o - ring of loudness (curse)
MPRegen  0.10/turn              (no ring)

@: rotting
A: rotting body, claws 1, carnivore, cold resistance 1, negative energy
resistance 3, inhibited regeneration, torment resistance, unbreathing
a: Potion Petition, Call Merchant, Bribe Branch, Renounce Religion


You were on level 5 of the Dungeon.
You worshipped Gozag.
Gozag was aware of your devotion.
You were not hungry.

You visited 2 branches of the dungeon, and saw 7 of its levels.

You collected 375 gold pieces.

Inventory:

Hand Weapons
 a - a +0 rapier (weapon)
 p - a +0 falchion
Missiles
 d - 5 throwing nets (quivered)
Armour
 b - a +0 leather armour
 c - a +0 helmet (worn)
 i - a +0 leather armour
 q - a +0 large shield (worn)
 u - a +0 ring mail
 w - a +0 scale mail (worn)
Jewellery
 o - a cursed ring of loudness (left claw)
Wands
 t - a wand of acid (8)
Scrolls
 g - 2 scrolls of enchant weapon {unknown}
 h - a scroll of fear {unknown}
 j - 2 scrolls of immolation {unknown}
 k - 8 scrolls of identify {unknown}
 l - 3 scrolls of teleportation {unknown}
 n - a scroll of amnesia {unknown}
 x - a scroll of remove curse {unknown}
Potions
 e - 2 potions of haste {unknown}
 m - a potion of curing {unknown}
 r - 2 potions of heal wounds {unknown}
 v - a potion of ambrosia {unknown}
Books
 s - a book of Cantrips

   Spells                             Type                      Level
   a - Confusing Touch                Hexes                        1
   b - Animate Skeleton               Necromancy                   1
   c - Summon Small Mammal            Summoning                    1
   d - Apportation                    Translocation                1
Comestibles
 f - 5 rations


   Skills:
 - Level 2.1 Fighting
 + Level 6.2 Short Blades
 - Level 1.7 Throwing
 + Level 2.9 Armour
 - Level 2.6 Dodging
 + Level 0.4 Stealth
 + Level 1.4 Shields


You had 6 spell levels left.
You didn't know any spells.

Dungeon Overview and Level Annotations

Branches:
Dungeon (6/15)             Temple (1/1) D:4

Altars:
Cheibriados
Dithmenos
Elyvilon
Gozag
Hepliaklqana
Kikubaaqudgha
Makhleb
Nemelex Xobeh
Sif Muna
Vehumet
Wu Jian
Xom
Yredelemnul
Zin

Shops:
D:4 =

Annotations:
D:2 Grinder


Innate Abilities, Weirdness & Mutations

Your body is rotting away.
You thrive on raw meat.
You are immune to poison.
You have sharp fingernails.
You are carnivorous and can eat meat at any time.
Your flesh is cold resistant. (rC+)
You are immune to negative energy. (rN+++)
You do not regenerate when monsters are visible.
You are immune to unholy pain and torment.
You can survive without breathing.


Message History

Your shield and scale mail prevent you from hitting the phantom.
The phantom is almost destroyed.
You block the phantom's attack.
You closely miss the phantom.
The phantom is almost destroyed.
The phantom hits you.
* * * LOW HITPOINT WARNING * * *
The phantom blinks!
The phantom hits you.
* * * LOW HITPOINT WARNING * * *
You closely miss the phantom.
The phantom is almost destroyed.
The phantom blinks!
Your shield prevents you from hitting the phantom.
The phantom is severely damaged.
The phantom hits you.
* * * LOW HITPOINT WARNING * * *
The phantom blinks!
The phantom hits you.
You die...
Your body crumbles into a pile of gold.

###.### #.....##.#.
#.....###..........
!...###.............(
###. #.##.......##(.
###.###.##>......# .
............#W##.#
.####.####W##.##.# #.
#.##.##.# #$
#.##.##@# #.
#.##.##W# #.
#..W....# #.
####.#### .. ...#
...... ########


You could see a phantom.

Vanquished Creatures
  A bullfrog (D:5)
  A scorpion (D:4)
  A howler monkey (D:4)
  A hound (D:4)
  An orc priest (D:5)
  4 worker ants
  The ghost of tidbits the Grave Robber, a weakling GnNe (D:4)
  2 worker ant zombies (D:5)
  8 adders
  An ooze (D:2)
  2 worms
  A dart slug (D:2)
  6 orcs
  A ball python (D:3)
  10 bats
  4 giant cockroaches
  8 goblins
  2 hobgoblins
  8 jackals
  A quokka (D:2)
  6 frilled lizards
  5 kobolds
  3 rats
78 creatures vanquished.

Notes
Turn   | Place    | Note
-------+----------+-------------------------------------------
     0 | D:1      | niels the Ghoul Gladiator began the quest for the Orb.
     0 | D:1      | Reached XP level 1. HP: 17/17 MP: 0/0
    42 | D:1      | Reached skill level 3 in Short Blades
   115 | D:1      | Reached XP level 2. HP: 20/24 MP: 1/1
   439 | D:2      | Found a white marble altar of Elyvilon.
   481 | D:2      | Reached XP level 3. HP: 29/29 MP: 2/2
   506 | D:2      | Found a shimmering altar of Xom.
   702 | D:2      | Reached skill level 4 in Short Blades
   968 | D:2      | Reached XP level 4. HP: 11/36 MP: 3/3
  1348 | D:3      | Reached skill level 1 in Armour
  1408 | D:3      | Noticed Grinder
  1413 | D:3      | Paralysed by Grinder for 5 turns
  1686 | D:2      | Paralysed by Grinder for 5 turns
  2234 | D:3      | Reached XP level 5. HP: 39/41 MP: 4/4
  2248 | D:3      | Found a faded altar of an unknown god.
  2262 | D:3      | Became a worshipper of Gozag Ym Sagoz the Greedy
  2428 | D:4      | Found a staircase to the Ecumenical Temple.
  2437 | Temple   | Entered the Ecumenical Temple
  2544 | D:4      | Reached skill level 5 in Short Blades
  2650 | D:4      | Noticed tidbits's ghost (weakling GnNe)
  2665 | D:4      | Killed tidbits's ghost
  2679 | D:4      | Found Fiogg's Jewellery Shoppe.
  2696 | D:4      | Reached XP level 6. HP: 19/46 MP: 5/5
  2895 | D:4      | Found a deep blue altar of Sif Muna.
  3508 | D:5      | Entered Level 5 of the Dungeon
  3928 | D:5      | Reached skill level 6 in Short Blades
  4037 | D:5      | Noticed a phantom
  4070 | D:5      | Reached XP level 7. HP: 29/51 MP: 6/6
  4216 | D:5      | Reached skill level 1 in Shields
  4270 | D:5      | Slain by a phantom

Skill      XL: |  1  2  3  4  5  6  7 |
---------------+----------------------+-----
Short Blades   | 3 4 5 6 |  6.2
Armour         | 1 2 |  2.9
Shields        | 1 |  1.4
Fighting       | |  2.1
Throwing       | |  1.7
Dodging        | |  2.6
Stealth        | |  0.4

Action                   |  1- 3 |  4- 6 |  7- 9 || total
-------------------------+-------+-------+-------++-------
Melee: Rapier            |   129 |   262 |    51 ||   442
  Eat: Chunk             |     3 |     4 |       ||     7
       Ration            |       |     2 |     1 ||     3
Armor: Leather armour    |    30 |       |       ||    30
       Ring mail         |    25 |    57 |       ||    82
       Scale mail        |       |    25 |    16 ||    41
Dodge: Dodged            |    88 |   105 |     6 ||   199
Block: Large shield      |       |    82 |    26 ||   108
